AoeStats
← MinhAnh X Loma Sugar plazmafield

Arena

505288863Analyzed
1v1 RM · 22d ago on Sep 8, 2026· 31m 13s· 2 players
Game mode
Random Map
Map size
Tiny (2 player)
Population
200
Speed
Normal
Resources
Standard
Victory
Conquest
Starting age
Dark Age
Ending age
Imperial Age
RankedLock teamsTeams togetherTeam positionsShared explorationLock speedFull tech treeHidden civsTurbo modeCheats
Victory
Defeat
🇦🇷 Romans · Argentina
1134
+15
1103
-15
Grischuk
0:47 Loom
10:58 Feudal Age
15:19 Castle Age
13:32 Double-Bit Axe
14:08 Horse Collar
14:37 Loom
15:53 Bloodlines
19:59 Bow Saw
21:32 Town Watch
23:05 Heavy Plow
23:51 Gold Mining
24:38 Fletching
26:00 Gold Shaft Mining
25:17 Stone Mining
27:09 Wheelbarrow
27:00 Bodkin Arrow
27:22 Squires
31:47 Imperial Age
29:28 Pikeman
30:39 Ballistas
30:47 Forging
30:39 Scale Mail Armor
30:45 Scale Barding Armor
MinhAnh X Loma Sugar plazmafield
10:58 Feudal Age
11:37 Double-Bit Axe
12:04 Horse Collar
14:48 Castle Age
15:39 Bow Saw
15:31 Heavy Plow
17:27 Fletching
20:29 Loom
28:34 Wheelbarrow
29:57 Sanctity
Connection lost

Rejoining the realm…

Still unreachable

The connection could not be restored.

Session expired

The server has moved on; the page needs a fresh start.